 Dungeon Crawl Stone Soup version 0.28-a0-305-g9e858e973b (webtiles) character file.

Game seed: 10994840213306800040

13288 bearlyready the Carver (level 12, 0/144 HPs)
             Began as a Gnoll Cinder Acolyte on Aug 29, 2021.
             Was a High Priest of Ignis.
             Slain by a komodo dragon (14 damage)
             ... on level 1 of the Lair of Beasts on Aug 30, 2021.
             The game lasted 00:42:44 (15548 turns).

bearlyready the Carver (Gnoll Cinder Acolyte)      Turns: 15548, Time: 00:42:45

Health: 0/144      AC: 26    Str: 26    XL:     12   Next: 4%
Magic:  12/23      EV:  2    Int: 13    God:    Ignis [*****.]
Gold:   355        SH:  5    Dex:  7    Spells: 20/26 levels left

rFire   + . .      SeeInvis .   j - +3 long sword (holy)
rCold   . . .      Faith    .   p - +0 buckler
rNeg    + + +      Spirit   .   (armour currently unavailable)
rPois   +          Reflect  .   (helmet currently unavailable)
rElec   .          Harm     .   (cloak currently unavailable)
rCorr   +          Rampage  .   (gloves currently unavailable)
Will    .....      NoTele   +   (boots currently unavailable)
Stlth   +++.......              P - amulet of regeneration
HPRegen 1.34/turn               A - ring of resist corrosion
MPRegen 0.18/turn               L - +6 ring of strength

@: tree-form
A: stationary, stasis, torment immunity, boosted hp, (fangs 1), strong nose,
distributed training
a: Renounce Religion, Sea of Fire, Foxfire Swarm, Rising Flame


You were on level 1 of the Lair of Beasts.
You worshipped Ignis.
Ignis was extremely pleased with you.
You were a tree.
You visited 2 branches of the dungeon, and saw 13 of its levels.
You visited the Abyss 1 time.
You also visited: Sewer.

You collected 514 gold pieces.
You spent 159 gold pieces at shops.

Inventory:

Hand Weapons
 j - a +3 long sword of holy wrath (weapon)
 r - a +0 hunting sling
 I - a +2 dagger of venom
 M - a +2 long sword of freezing
 S - a +1 scimitar of flaming
Missiles
 c - 239 stones (quivered)
 e - 132 bolts
 f - 218 arrows
 g - 148 sling bullets
 i - 60 poisoned darts
 o - 10 boomerangs
 O - 3 boomerangs of dispersal
Armour
 p - a +0 buckler (worn)
 q - a +0 helmet (melded)
 t - a +0 ring mail (melded)
 v - a +2 pair of gloves of strength (melded)
 w - a +0 cloak (melded)
Jewellery
 a - an amulet of the acrobat
 y - a ring of fire
 A - a ring of resist corrosion (left branch)
 L - a +6 ring of strength (right branch)
 P - an amulet of regeneration (around neck)
 R - a ring of ice
Wands
 z - a wand of polymorph (7)
 D - a wand of flame (96)
Scrolls
 b - 2 scrolls of fear {unknown}
 d - 6 scrolls of teleportation
 h - 2 scrolls of enchant weapon
 k - a scroll of blinking
 l - a scroll of fog {unknown}
 m - 2 scrolls of immolation {unknown}
 n - 2 scrolls of vulnerability
 s - 3 scrolls of enchant armour {unknown}
 u - a scroll of acquirement {unknown}
 F - a scroll of holy word {unknown}
 H - a scroll of brand weapon {unknown}
 J - 4 scrolls of amnesia
Potions
 x - a potion of cancellation {unknown}
 B - 3 potions of curing
 C - 2 potions of lignification
 E - a potion of degeneration {unknown}
 G - a potion of resistance
 K - a potion of mutation {unknown}
 N - a potion of ambrosia {unknown}
 U - a potion of flight {unknown}
 W - a potion of haste {unknown}
Miscellaneous
 X - a phantom mirror (inert)


   Skills:
 + Level 9.5 Fighting
 + Level 6.8 Short Blades
 + Level 9.5 Long Blades
 + Level 6.8 Axes
 + Level 6.8 Maces & Flails
 + Level 6.8 Polearms
 + Level 6.8 Staves
 + Level 6.8 Slings
 + Level 6.8 Bows
 + Level 6.8 Crossbows
 + Level 6.8 Throwing
 + Level 6.8 Armour
 + Level 6.8 Dodging
 + Level 6.8 Stealth
 + Level 6.8 Shields
 + Level 6.8 Unarmed Combat
 + Level 7.5 Spellcasting
 + Level 5.7 Conjurations
 + Level 5.7 Hexes
 + Level 5.7 Summonings
 + Level 5.7 Necromancy
 + Level 5.7 Translocations
 + Level 5.7 Transmutations
 + Level 6.1 Fire Magic
 + Level 5.7 Ice Magic
 + Level 5.7 Air Magic
 + Level 5.7 Earth Magic
 + Level 5.7 Poison Magic
 + Level 7.5 Invocations
 + Level 6.8 Evocations


You had 20 spell levels left.
You knew the following spells:

 Your Spells              Type           Power      Damage    Failure   Level
a - Foxfire               Conj/Fire      80%        2x1d8     1%          1
b - Swiftness             Air            19%        N/A       4%          3
c - Ensorcelled Hibernat  Hex/Ice        38%        N/A       1%          2

Your spell library contained the following spells:

 Spells                   Type           Power      Damage    Failure   Level
 Apportation              Tloc           38%        N/A       1%          1
 Shock                    Conj/Air       76%        1d7       1%          1
 Summon Small Mammal      Summ           76%        N/A       1%          1
 Slow                     Hex            19%        N/A       1%          2
 Call Canine Familiar     Summ           19%        N/A       4%          3
 Confusing Touch          Hex            19%        N/A       4%          3
 Gell's Gravitas          Tloc           9%         N/A       4%          3
 Ozocubu's Armour         Ice            19%        N/A       4%          3
 Portal Projectile        Hex/Tloc       38%        N/A       4%          3
 Spider Form              Tmut/Pois      9%         N/A       4%          3
 Summon Guardian Golem    Hex/Summ       19%        N/A       4%          3
 Teleport Other           Tloc           19%        N/A       4%          3
 Tukima's Dance           Hex            19%        N/A       4%          3
 Vampiric Draining        Necr           9%         2d7       4%          3
 Airstrike                Air            9%         N/A       14%         4
 Passage of Golubria      Tloc           N/A        N/A       14%         4
 Fireball                 Conj/Fire      10%        3d6       34%         5
 Alistair's Intoxication  Tmut/Pois      12%        N/A       36%         5
 Blade Hands              Tmut           9%         N/A       36%         5
 Excruciating Wounds      Necr           9%         N/A       36%         5
 Iskenderun's Battlesphe  Conj           19%        2d7       36%         5
 Yara's Violent Unravell  Hex/Tmut       9%         3d6       36%         5
 Conjure Ball Lightning   Conj/Air       9%         3x3d6     91%         6
 Dispersal                Tloc           9%         N/A       91%         6
 Invisibility             Hex            9%         N/A       91%         6
 Orb of Destruction       Conj           9%         9d4       100%        7
 Ozocubu's Refrigeration  Ice            9%         4d6       100%        7


Dungeon Overview and Level Annotations

Branches:
Dungeon (12/15)            Temple (0/1) D:4            Lair (1/6) D:8
    Orc (0/2) D:12          Sewer (visited)

Altars:
Fedhas
Trog

Shops:
D:1 [*

Annotations:
D:9 2 transporters, Pikel


Innate Abilities, Weirdness & Mutations

You are a tree.
Your roots penetrate the ground, keeping you stationary.
You cannot be teleported.
You are immune to unholy pain and torment.
Your maximum health is greatly increased.
Your equipment is partially melded.
((You have very sharp teeth.))
Your uncanny sense of smell can sniff out nearby items.
Your experience applies equally to all skills.


Message History

The komodo dragon bites you but does no damage.
Throw: throwing net
Press: ? - help, Q - select action, (/) - cycle Shift-Dir - straight line, f/p - komodo dragon
Aim: a komodo dragon (almost dead, 69% to hit)
You throw a throwing net.
The throwing net barely misses the komodo dragon.
Casting: Foxfire (safe; 1% risk of failure)
Confirm with . or Enter, or press ? or * to list all spells.
Aiming: Ensorcelled Hibernation (safe; 1% risk of failure)
Press: ? - help, Shift-Dir - straight line, f/p - komodo dragon
Aim: a komodo dragon (almost dead, chance to affect: 32%)
The komodo dragon easily resists.
The komodo dragon bites you.
* * * LOW HITPOINT WARNING * * *
Casting: Ensorcelled Hibernation (safe; 1% risk of failure)
Confirm with . or Enter, or press ? or * to list all spells.
Aiming: Ensorcelled Hibernation (safe; 1% risk of failure)
Press: ? - help, Shift-Dir - straight line, f/p - komodo dragon
Aim: a komodo dragon (almost dead, chance to affect: 32%)
The komodo dragon easily resists.
The komodo dragon bites you but does no damage.
Casting: Ensorcelled Hibernation (safe; 1% risk of failure)
Confirm with . or Enter, or press ? or * to list all spells.
Aiming: Ensorcelled Hibernation (safe; 1% risk of failure)
Press: ? - help, Shift-Dir - straight line, f/p - komodo dragon
Aim: a komodo dragon (almost dead, chance to affect: 32%)
The komodo dragon easily resists.
The komodo dragon bites you.
* * * LOW HITPOINT WARNING * * *
Casting: Ensorcelled Hibernation (safe; 1% risk of failure)
Confirm with . or Enter, or press ? or * to list all spells.
Aiming: Ensorcelled Hibernation (safe; 1% risk of failure)
Press: ? - help, Shift-Dir - straight line, f/p - komodo dragon
Aim: a komodo dragon (almost dead, chance to affect: 32%)
The komodo dragon easily resists.
The komodo dragon barely misses you.
Casting: Ensorcelled Hibernation (safe; 1% risk of failure)
Confirm with . or Enter, or press ? or * to list all spells.
Aiming: Ensorcelled Hibernation (safe; 1% risk of failure)
Press: ? - help, Shift-Dir - straight line, f/p - komodo dragon
Aim: a komodo dragon (almost dead, chance to affect: 32%)
The komodo dragon easily resists.
The komodo dragon bites you!
You die...

#... ...... ∆
#..... #.....
#..... #.....##
#......#######..
#(.....l♣.......
#....#.##..P###P
#.. #..#..##
#....#l>#.<#
P.......#..##
#....#.#....#
P...........#
#.####P#...## .
###...#


You could see a komodo dragon.

Vanquished Creatures
  Harold (D:10)
  Erica (D:9)
  A centaur warrior (D:9)
  3 two-headed ogres
  A manticore (D:12)
  Joseph (D:10)
  A cane toad (Lair:1)
  An unseen horror (D:10)
  A komodo dragon (shapeshifter) (D:12)
  A troll (D:11)
  Sigmund (D:2)
  A wyvern (D:10)
  A hog (shapeshifter) (D:10)
  2 wraiths (D:9)
  2 steam dragons
  10 yaks
  A vampire mosquito (D:9)
  5 water moccasins
  2 orc warriors
  A necrophage (D:6)
  3 ogres
  6 centaurs
  A lemure (D:9)
  8 kobold brigands
  4 bullfrogs
  A small abomination (Abyss:1)
  A gnoll sergeant (D:8)
  A water moccasin zombie (D:6)
  3 water moccasin skeletons
  10 killer bees
  7 wights
  3 centaur zombies
  2 howler monkeys (D:7)
  5 orc priests
  A gnoll shaman (D:8)
  3 hounds
  Jessica (D:2)
  Crazy Yiuf (D:2)
  An iguana (D:3)
  8 orc wizards
  A killer bee zombie (D:7)
  A hound skeleton (D:4)
  14 gnolls
  2 howler monkey skeletons (D:7)
  2 howler monkey zombies
  12 adders
  A river rat (D:5)
  A shadow imp (D:5)
  An ufetubus (D:4)
  2 adder skeletons
  7 worms
  4 dart slugs
  32 orcs
  9 ball pythons
  6 bats
  8 endoplasms
  4 giant cockroaches
  9 goblins
  10 hobgoblins
  3 jackals (D:3)
  19 kobolds
  A quokka (D:1)
  4 frilled lizards
  14 rats
275 creatures vanquished.

Vanquished Creatures (collateral kills)
  A foxfire (Lair:1)
1 creature vanquished.

Vanquished Creatures (others)
  746 foxfires
  A fungus (D:2)
  2 plants (D:9)
749 creatures vanquished.

Grand Total: 1025 creatures vanquished

Notes
Turn   | Place    | Note
-------+----------+-------------------------------------------
     0 | D:1      | bearlyready the Gnoll Cinder Acolyte began the quest for
                  | the Orb.
     0 | D:1      | Reached XP level 1. HP: 23/23 MP: 4/4
    89 | D:1      | Found Ykiuch's Antique Armour Emporium.
   240 | D:1      | Reached XP level 2. HP: 19/29 MP: 5/5
   656 | D:1      | Found Pueh's Assorted Antiques.
   662 | D:1      | Bought a scroll labelled MOEMUKE RULUTY for 17 gold pieces
   854 | D:1      | Reached XP level 3. HP: 35/35 MP: 7/7
  1049 | D:1      | Found a faded altar of an unknown god.
  1097 | D:2      | Found a bloodstained altar of Trog.
  1490 | D:2      | Reached skill level 1 in Invocations
  1556 | D:2      | Reached skill level 1 in Short Blades
  1556 | D:2      | Reached skill level 1 in Axes
  1556 | D:2      | Reached skill level 1 in Maces & Flails
  1556 | D:2      | Reached skill level 1 in Polearms
  1556 | D:2      | Reached skill level 1 in Staves
  1556 | D:2      | Reached skill level 1 in Slings
  1556 | D:2      | Reached skill level 1 in Bows
  1556 | D:2      | Reached skill level 1 in Crossbows
  1556 | D:2      | Reached skill level 1 in Throwing
  1556 | D:2      | Reached skill level 1 in Armour
  1556 | D:2      | Reached skill level 1 in Dodging
  1556 | D:2      | Reached skill level 1 in Stealth
  1556 | D:2      | Reached skill level 1 in Shields
  1556 | D:2      | Reached skill level 1 in Unarmed Combat
  1556 | D:2      | Reached skill level 1 in Evocations
  1623 | D:2      | Reached XP level 4. HP: 41/41 MP: 5/8
  1877 | D:2      | Noticed Jessica
  1880 | D:2      | Killed Jessica
  1881 | D:2      | Reached skill level 1 in Conjurations
  1881 | D:2      | Reached skill level 1 in Hexes
  1881 | D:2      | Reached skill level 1 in Summonings
  1881 | D:2      | Reached skill level 1 in Necromancy
  1881 | D:2      | Reached skill level 1 in Translocations
  1881 | D:2      | Reached skill level 1 in Transmutations
  1881 | D:2      | Reached skill level 1 in Ice Magic
  1881 | D:2      | Reached skill level 1 in Air Magic
  1881 | D:2      | Reached skill level 1 in Earth Magic
  1881 | D:2      | Reached skill level 1 in Poison Magic
  2267 | D:2      | Reached XP level 5. HP: 40/47 MP: 9/9
  2525 | D:2      | Found a runed translucent door.
  2526 | D:2      | Noticed Crazy Yiuf
  2606 | D:2      | Noticed Sigmund
  3522 | D:3      | Reached XP level 6. HP: 53/53 MP: 8/10
  3972 | D:4      | Noticed a water moccasin
  3984 | D:4      | Killed a water moccasin
  4302 | D:4      | Found a staircase to the Ecumenical Temple.
  4540 | D:4      | Reached XP level 7. HP: 58/59 MP: 7/12
  5094 | D:2      | Killed Sigmund
  5141 | D:1      | Bought a pair of runed gloves for 142 gold pieces
  5219 | D:2      | Killed Crazy Yiuf
  5456 | D:5      | Entered Level 5 of the Dungeon
  5735 | D:5      | Reached XP level 8. HP: 50/67 MP: 5/14
  5827 | D:5      | Found a glowing drain.
  5838 | Sewer    | Entered a sewer
  6391 | Sewer    | Cast into level 1 of the Abyss (kobold)
  6483 | Sewer    | Escaped the Abyss
  7173 | D:5      | Reached XP level 9. HP: 72/72 MP: 9/16
  7794 | D:6      | Reached skill level 5 in Spellcasting
  9523 | D:7      | Reached skill level 5 in Invocations
 10876 | D:8      | Reached XP level 10. HP: 62/80 MP: 18/18
 11256 | D:8      | Found a staircase to the Lair.
 12040 | D:8      | Reached skill level 5 in Short Blades
 12040 | D:8      | Reached skill level 5 in Axes
 12040 | D:8      | Reached skill level 5 in Maces & Flails
 12040 | D:8      | Reached skill level 5 in Polearms
 12040 | D:8      | Reached skill level 5 in Staves
 12040 | D:8      | Reached skill level 5 in Slings
 12040 | D:8      | Reached skill level 5 in Bows
 12040 | D:8      | Reached skill level 5 in Crossbows
 12040 | D:8      | Reached skill level 5 in Throwing
 12040 | D:8      | Reached skill level 5 in Armour
 12040 | D:8      | Reached skill level 5 in Dodging
 12040 | D:8      | Reached skill level 5 in Stealth
 12040 | D:8      | Reached skill level 5 in Shields
 12040 | D:8      | Reached skill level 5 in Unarmed Combat
 12040 | D:8      | Reached skill level 5 in Evocations
 12350 | D:9      | Noticed Erica
 12371 | D:9      | Killed Erica
 12430 | D:9      | Found a transporter.
 12431 | D:9      | Identified the +1 robe of Fedhas's Supremacy {Will+ Stlth+}
 12658 | D:9      | Reached skill level 5 in Fire Magic
 12776 | D:9      | Noticed Pikel
 12804 | D:10     | Entered Level 10 of the Dungeon
 12804 | D:10     | Noticed Joseph
 12948 | D:9      | Found a blossoming altar of Fedhas.
 12958 | D:9      | Found a transporter.
 13051 | D:9      | Noticed a two-headed ogre
 13063 | D:9      | Killed a two-headed ogre
 13634 | D:10     | Reached XP level 11. HP: 87/87 MP: 15/20
 13702 | D:10     | Noticed Harold
 13727 | D:10     | Killed Harold
 13728 | D:10     | Reached skill level 5 in Conjurations
 13728 | D:10     | Reached skill level 5 in Hexes
 13728 | D:10     | Reached skill level 5 in Summonings
 13728 | D:10     | Reached skill level 5 in Necromancy
 13728 | D:10     | Reached skill level 5 in Translocations
 13728 | D:10     | Reached skill level 5 in Transmutations
 13728 | D:10     | Reached skill level 5 in Ice Magic
 13728 | D:10     | Reached skill level 5 in Air Magic
 13728 | D:10     | Reached skill level 5 in Earth Magic
 13728 | D:10     | Reached skill level 5 in Poison Magic
 14314 | D:10     | Noticed a two-headed ogre
 14316 | D:10     | Noticed a centaur warrior
 14354 | D:9      | Killed a centaur warrior
 14439 | D:10     | Killed a two-headed ogre
 14622 | D:10     | Killed Joseph
 14891 | D:11     | Noticed a two-headed ogre
 14910 | D:11     | Killed a two-headed ogre
 14912 | D:11     | Noticed a two-headed ogre
 14912 | D:11     | Noticed a cyclops
 15060 | D:12     | Noticed a manticore
 15078 | D:12     | Learned a level 3 spell: Swiftness
 15084 | D:12     | Learned a level 2 spell: Ensorcelled Hibernation
 15102 | D:12     | Killed a manticore
 15232 | D:12     | Found a staircase to the Orcish Mines.
 15248 | D:12     | Reached XP level 12. HP: 61/96 MP: 23/23
 15306 | D:12     | Noticed a two-headed ogre
 15487 | Lair:1   | Entered Level 1 of the Lair of Beasts
 15548 | Lair:1   | Slain by a komodo dragon

Illustrated notes

Levels and vault maps discovered:
D:1:      saegor_arrival_simple_b, layout_basic, serial_shops, shop_statue,
          shop, ebering_ecumenical_altar_abandoned
D:2:      layout_basic, basic_altar, uniq_jessica, uniq_crazy_yiuf_cottage,
          uniq_sigmund
D:3:      cheibrodos_greedy_goblins, layout_rooms
D:4:      layout_loops_ring, minmay_temple_entry_tees
D:5:      layout_rooms, portal_sewer_entry_e
D:6:      layout_layer_cave
D:7:      layout_loops_ring
D:8:      layout_gridville, lair_entry_dummy
D:9:      gammafunk_steamed_eel, layout_long_grid, fedhas_ov_isle_minmay,
          uniq_pikel, uniq_erica
D:10:     kennysheep_blocky_room, layout_long_grid,
          hangedman_abyss_or_decor_stabs, serial_park_tiny_1, uniq_joseph,
          uniq_harold
D:11:     minmay_the_grid_3x2 [minmay_the_grid_outer_diamond,
          minmay_the_grid_box_x, minmay_the_grid_tri_star, minmay_the_grid_tree,
          minmay_the_grid_minigrid_small_alt,
          minmay_the_grid_prize_shrinking_boxes], layout_basic,
          portal_ice_cave_entry_animals_and_master
D:12:     layout_irregular_city, david_orc_2
Lair:1:   layout_chaotic_city

Skill      XL: |  1  2  3  4  5  6  7  8  9 10 11 |
---------------+----------------------------------+-----
Fire Magic     | 2 3 4 5 6 |  6.1
Invocations    | 1 2 3 4 5 6 7 |  7.5
Short Blades   | 1 2 3 4 5 6 |  6.8
Axes           | 1 2 3 4 5 6 |  6.8
Maces & Flails | 1 2 3 4 5 6 |  6.8
Polearms       | 1 2 3 4 5 6 |  6.8
Staves         | 1 2 3 4 5 6 |  6.8
Slings         | 1 2 3 4 5 6 |  6.8
Bows           | 1 2 3 4 5 6 |  6.8
Crossbows      | 1 2 3 4 5 6 |  6.8
Throwing       | 1 2 3 4 5 6 |  6.8
Armour         | 1 2 3 4 5 6 |  6.8
Dodging        | 1 2 3 4 5 6 |  6.8
Stealth        | 1 2 3 4 5 6 |  6.8
Shields        | 1 2 3 4 5 6 |  6.8
Unarmed Combat | 1 2 3 4 5 6 |  6.8
Evocations     | 1 2 3 4 5 6 |  6.8
Spellcasting   | 3 4 5 6 7 |  7.5
Conjurations   | 1 2 3 4 5 |  5.7
Hexes          | 1 2 3 4 5 |  5.7
Summonings     | 1 2 3 4 5 |  5.7
Necromancy     | 1 2 3 4 5 |  5.7
Translocations | 1 2 3 4 5 |  5.7
Transmutations | 1 2 3 4 5 |  5.7
Ice Magic      | 1 2 3 4 5 |  5.7
Air Magic      | 1 2 3 4 5 |  5.7
Earth Magic    | 1 2 3 4 5 |  5.7
Poison Magic   | 1 2 3 4 5 |  5.7
Fighting       | 7 8 9 |  9.5
Long Blades    | 7 8 9 |  9.5

Action                   |  1- 3 |  4- 6 |  7- 9 | 10-12 || total
-------------------------+-------+-------+-------+-------++-------
Melee: Falchion          |    65 |    10 |       |       ||    75
       Bite              |     5 |     6 |    16 |    27 ||    54
       Long sword        |       |    71 |   287 |   287 ||   645
       Unarmed           |       |       |       |    21 ||    21
Throw: Dart              |       |       |     2 |    11 ||    13
       Throwing net      |       |       |       |     3 ||     3
 Cast: Foxfire           |    28 |    76 |   158 |   167 ||   429
       Ensorcelled Hiber |       |       |       |     5 ||     5
Invok: Foxfire Swarm     |       |     2 |       |       ||     2
Evoke: Wand              |       |       |     1 |     2 ||     3
       Phantom mirror    |       |       |       |     1 ||     1
  Use: Scroll            |     1 |     2 |     4 |     5 ||    12
       Potion            |       |     4 |     1 |     5 ||    10
 Stab: Sleeping          |       |     1 |     1 |     3 ||     5
       Held in net/web   |       |       |       |     1 ||     1
Armor: Robe              |    14 |    23 |       |       ||    37
       Ring mail         |       |       |   134 |   168 ||   302
       Skin              |       |       |       |    11 ||    11
Dodge: Dodged            |    34 |    45 |   183 |   249 ||   511
Block: Buckler           |       |     1 |    66 |    81 ||   148

Table legend: (Time is in decaauts)
 A = Elapsed time spent in this place.
 B = Non-inter-level travel time spent in this place.
 C = Inter-level travel time spent in this place.
 D = Time resting spent in this place.
 E = Time spent auto-exploring this place.
 F = Levels seen in this place.
 G = Mean time per level.
                   A        B        C        D        E       F      G
               +--------+--------+--------+--------+--------+-----+--------+
         Total |  15740 |  15200 |    540 |   1348 |  10691 |  15 | 1049.3 |
       Dungeon |  14417 |  13878 |    539 |   1348 |   9723 |  12 | 1201.4 |
          Lair |     57 |     57 |      0 |      0 |      2 |   1 |   57.0 |
         Abyss |     94 |     94 |      0 |      0 |     60 |   1 |   94.0 |
         Sewer |   1170 |   1170 |      0 |      0 |    906 |   1 | 1170.0 |
               +--------+--------+--------+--------+--------+-----+--------+

Top non-repeatable levels by time:
     D:2: 1918 daAuts
     D:7: 1537 daAuts
     D:4: 1446 daAuts
     D:8: 1434 daAuts
     D:6: 1427 daAuts
     D:3: 1402 daAuts
    D:10: 1190 daAuts
   Sewer: 1170 daAuts
     D:9: 1150 daAuts
     D:1: 1142 daAuts
     D:5: 1023 daAuts
    D:12: 410 daAuts
    D:11: 334 daAuts
 Abyss:1: 94 daAuts
  Lair:1: 57 daAuts
